 Dungeon Crawl Stone Soup version 0.21.1-1-g345015fe64 (webtiles) character file.

6854 Peloso the Carver (level 10, -2/88 HPs)
             Began as a Minotaur Fighter on July 15, 2018.
             Was a High Priest of Okawaru.
             Slain by a troll (9 damage)
             ... on level 8 of the Dungeon.
             The game lasted 00:34:11 (8672 turns).

Peloso the Carver (Minotaur Fighter)                Turns: 8672, Time: 00:34:12

Health: -2/88      AC: 15    Str: 23    XL:     10   Next: 78%
Magic:  16/18      EV: 20    Int:  5    God:    Okawaru [*****.]
Gold:   385        SH: 14    Dex: 16    Spells: 9/9 levels left

rFire    . . .     SeeInvis .   a - +1 falchion (flame)
rCold    . . .     Gourm    .   c - +0 shield
rNeg     . . .     Faith    .   d - +0 chain mail (curse)
rPois    .         Spirit   .   (helmet restricted)
rElec    .         Reflect  .   (no cloak)
rCorr    .         Harm     .   m - +1 pair of gloves
MR       .....                  (no boots)
Stlth    +.........             (no amulet)
HPRegen  0.24/turn              (no ring)
MPRegen  0.16/turn              r - ring of magical power

@: agile, heroism
A: retaliatory headbutt, horns 2
a: Heroism, Finesse, Renounce Religion


You were on level 8 of the Dungeon.
You worshipped Okawaru.
Okawaru was extremely pleased with you.
You were hungry.

You visited 2 branches of the dungeon, and saw 10 of its levels.

You collected 385 gold pieces.

Inventory:

Hand Weapons
 a - a +1 falchion of flaming (weapon)
 n - a +1 falchion of freezing
Armour
 c - a +0 shield (worn)
 d - a cursed +0 chain mail (worn)
 k - a cursed +0 plate armour
 m - a +1 pair of gloves (worn)
Jewellery
 b - a +1 ring of evasion
 r - a ring of magical power (right hand)
Wands
 e - a wand of polymorph (15)
 o - a wand of flame (25)
 u - a wand of random effects (48)
 y - a wand of digging (6)
Scrolls
 h - 2 scrolls of teleportation
 j - 2 scrolls of fear
 p - a scroll of magic mapping
 s - 3 scrolls of enchant weapon
 t - a scroll of amnesia
Potions
 g - 4 potions of brilliance
 i - a potion of agility
 z - a potion of resistance
Comestibles
 f - 13 rations


   Skills:
 + Level 8.0(13.0) Fighting
 + Level 11.5(16.5) Long Blades
 + Level 9.5(14.5) Armour
 + Level 5.3(10.3) Dodging
 + Level 0.9(5.9) Stealth
 + Level 10.2(15.2) Shields
 + Level 0.7 Invocations
 + Level 0.7 Evocations


You had 9 spell levels left.
You didn't know any spells.

Dungeon Overview and Level Annotations

Branches:
Dungeon (9/15)             Temple (1/1) D:4             Orc (0/2) D:9
   Lair: D:8-11

Altars:
Ashenzari
Cheibriados
Dithmenos
Elyvilon
Gozag
Hepliaklqana
Kikubaaqudgha
Makhleb
Nemelex Xobeh
Okawaru
Qazlal
Ru
Sif Muna
Trog
Uskayaw
Vehumet
Wu Jian
Xom
Yredelemnul
Zin
The Shining One

Shops:
D:8 !


Innate Abilities, Weirdness & Mutations

You reflexively headbutt those who attack you in melee.
You have a pair of horns on your head.


Message History

You furiously retaliate!
You headbutt the troll!
You riposte.
You slash the troll! You burn the troll. Your headbutt misses the troll.
The troll is severely wounded.
The troll closely misses you. The troll claws you but does no damage.
Something barely misses you.
You gain the combat prowess of a mighty hero.
The troll bites you but does no damage. You block the troll's attack.
The troll claws you but does no damage. Something hits you.
* * * LOW HITPOINT WARNING * * *
The orc warrior hits you from afar with a halberd.
* * * LOW HITPOINT WARNING * * *
There is a stone staircase leading up, spattered with blood here.
Magic restored.
You block the troll's attack. The troll barely misses you. x2
You climb upwards.
You feel like a meek peon again.
There is a stone staircase leading down, spattered with blood here.
You gain the combat prowess of a mighty hero.
You block the troll's attack. The troll claws you but does no damage.
The troll claws you!
You die...

#..## #........(..[>[....##(†≈
#...# #..................((.#.
#..## #...................###≈
#..# #.....................#.
#..# #.....................##
##..# #....................##
#...# ##.....................#
#...###.......T..............#
#...#...#.....@..............#
##....####..................##
#..### ##.................# #
#.## ##...............## # #.#
##..............# # ##.#
##.......####### ## #.##
###..#### #. ### #...# ##
#...######### #


You could see a troll.

Vanquished Creatures
  A hydra (D:8)
  A two-headed ogre (D:8)
  The ghost of Roikka the Conjurer, a novice GrVM of Vehumet (D:8)
  The ghost of Htamos the Basher, a novice FoAK of Lugonu (D:5)
  A hornet (D:8)
  Prince Ribbit (D:8)
  2 dream sheep (D:8)
  The ghost of AAA992 the Shield-Bearer, an amateur GrFi (D:4)
  7 yaks
  A warg (D:8)
  2 sky beasts
  An orc warrior (D:8)
  An ice beast (D:9)
  A necrophage (D:7)
  An ogre (D:8)
  2 phantoms
  A centaur (D:8)
  Blork the orc (D:4)
  3 big kobolds (D:8)
  A gnoll sergeant (D:7)
  2 bullfrogs (D:8)
  A scorpion (D:9)
  A water moccasin skeleton (D:8)
  3 howler monkeys
  4 crimson imps
  3 hounds
  4 orc priests
  2 jellies
  A bullfrog skeleton (D:8)
  7 orc wizards
  2 iguanas
  Ijyb (D:3)
  Terence (D:3)
  2 worker ants
  A hound skeleton (D:8)
  A worker ant zombie (D:6)
  8 gnolls
  5 adders
  2 shadow imps
  An ooze (D:1)
  3 worms
  2 adder skeletons (D:4)
  5 dart slugs
  6 leopard geckos
  28 orcs
  6 giant cockroaches
  7 goblins
  7 hobgoblins
  16 jackals
  2 quokkas
  3 ball pythons
  A ball python skeleton (D:4)
  11 bats
  4 frilled lizards
  5 kobolds
  9 rats
198 creatures vanquished.

Notes
Turn   | Place    | Note
-------+----------+-------------------------------------------
     0 | D:1      | Peloso the Minotaur Fighter began the quest for the Orb.
     0 | D:1      | Reached XP level 1. HP: 19/19 MP: 0/0
    81 | D:1      | Reached XP level 2. HP: 14/27 MP: 1/1
   460 | D:1      | Reached XP level 3. HP: 28/33 MP: 2/2
   566 | D:1      | Reached skill level 3 in Long Blades
   923 | D:2      | Reached skill level 1 in Dodging
  1064 | D:2      | Reached XP level 4. HP: 40/40 MP: 3/3
  1788 | D:3      | Noticed Ijyb
  1823 | D:3      | Killed Ijyb
  1823 | D:3      | Reached XP level 5. HP: 46/46 MP: 4/4
  1926 | D:3      | Reached skill level 4 in Long Blades
  1926 | D:3      | Reached skill level 5 in Shields
  1947 | D:3      | Noticed Terence
  1959 | D:3      | Killed Terence
  2124 | D:4      | Noticed AAA992's ghost (amateur GrFi)
  2188 | D:4      | Noticed Blork the orc
  2201 | D:4      | Killed Blork the orc
  2201 | D:4      | Reached XP level 6. HP: 50/53 MP: 5/5
  2227 | D:4      | Found a staircase to the Ecumenical Temple.
  2248 | Temple   | Entered the Ecumenical Temple
  2402 | D:4      | Reached skill level 5 in Long Blades
  2415 | D:4      | Killed AAA992's ghost
  2415 | D:4      | Reached XP level 7. HP: 50/60 MP: 6/6
  2418 | D:4      | Reached skill level 6 in Long Blades
  2418 | D:4      | Reached skill level 5 in Armour
  2661 | D:4      | Found a hazy altar of Hepliaklqana.
  2662 | D:4      | Found an iron altar of Okawaru.
  2669 | D:4      | Became a worshipper of Warmaster Okawaru
  2786 | D:5      | Entered Level 5 of the Dungeon
  2830 | D:5      | Found a snail-covered altar of Cheibriados.
  3039 | D:5      | Noticed Htamos's ghost (novice FoAK)
  3062 | D:5      | Killed Htamos's ghost
  3062 | D:5      | Reached * piety under Okawaru
  3062 | D:5      | Reached skill level 5 in Fighting
  3062 | D:5      | Reached skill level 7 in Long Blades
  3062 | D:5      | Reached XP level 8. HP: 31/68 MP: 7/7
  3471 | D:5      | Found a hide-covered altar of Uskayaw.
  3479 | D:5      | Found an opulent altar of Gozag.
  3963 | D:6      | Reached skill level 8 in Long Blades
  4274 | D:6      | Found a sacrificial altar of Ru.
  4597 | D:7      | Found a glowing golden altar of the Shining One.
  4604 | D:7      | Found a stormy altar of Qazlal.
  4924 | D:7      | Reached ** piety under Okawaru
  5309 | D:7      | Reached skill level 9 in Long Blades
  5450 | D:8      | Reached XP level 9. HP: 72/75 MP: 8/8
  5532 | D:8      | Found Ecoacvos's Distillery.
  5596 | D:8      | Noticed a two-headed ogre
  5979 | D:8      | Paralysed by a hornet for 2 turns
  6010 | D:8      | HP: 3/75 [poisoned by a hornet]
  6016 | D:8      | HP: 2/75 [poisoned by a hornet]
  6022 | D:8      | HP: 1/75 [poisoned by a hornet]
  6030 | D:8      | HP: 1/75 [poisoned by a hornet]
  6470 | D:8      | Killed a two-headed ogre
  6470 | D:8      | Reached *** piety under Okawaru
  6861 | D:8      | Reached skill level 10 in Long Blades
  6961 | D:8      | Got a pitted ring mail
  6965 | D:8      | Noticed Roikka's ghost (novice GrVM)
  7068 | D:7      | Identified the +1 ring mail "Uddetuuw" {rElec rN+++ rCorr Slay-4} (You took it off a big kobold on level 8 of the Dungeon)
  7444 | D:8      | Killed Roikka's ghost
  7444 | D:8      | Reached **** piety under Okawaru
  7444 | D:8      | Reached XP level 10. HP: 21/86 MP: 9/9
  7847 | D:8      | Found the +2 cloak of the Thief {+Fog Slay-2 SInv Stlth+}
  8004 | D:8      | Noticed a two-headed hydra
  8010 | D:8      | Killed a one-headed hydra
  8010 | D:8      | Reached skill level 11 in Long Blades
  8131 | D:9      | Noticed Prince Ribbit
  8347 | D:8      | Killed Prince Ribbit
  8347 | D:8      | Reached ***** piety under Okawaru
  8406 | D:8      | Reached skill level 5 in Dodging
  8576 | D:8      | Reached skill level 10 in Shields
  8636 | D:9      | Found a staircase to the Orcish Mines.
  8651 | D:9      | HP: 2/88 [orc warrior/halberd (5)]
  8672 | D:8      | Slain by a troll

Skill      XL: |  1  2  3  4  5  6  7  8  9 10 |
---------------+-------------------------------+-----
Shields        | 4 5 6 7 9 10 | 10.2
Armour         | 4 6 8 9 |  9.5
Long Blades    | 3 4 5 7 9 10 11 | 11.5
Dodging        | 1 2 3 4 5 |  5.3
Fighting       | 4 5 6 7 8 |  8.0
Stealth        | |  0.9
Invocations    | |  0.7
Evocations     | |  0.7

Action                   |  1- 3 |  4- 6 |  7- 9 | 10-12 || total
-------------------------+-------+-------+-------+-------++-------
Melee: Long sword        |    77 |   156 |   205 |       ||   438
       Headbutt          |    17 |    38 |    74 |    29 ||   158
       Falchion          |       |       |   214 |   134 ||   348
Invok: Heroism           |       |       |     3 |     2 ||     5
Evoke: Wand              |       |       |     4 |       ||     4
  Use: Scroll            |     1 |       |    13 |       ||    14
       Potion            |       |     1 |     6 |     1 ||     8
  Eat: Chunk             |     1 |     4 |    10 |       ||    15
       Ration            |       |       |     2 |     1 ||     3
Armor: Scale mail        |    68 |    57 |   145 |       ||   270
       Chain mail        |       |       |     6 |    51 ||    57
Dodge: Dodged            |    31 |    55 |   131 |    48 ||   265
Block: Shield            |    54 |   106 |   207 |    74 ||   441
       Rpst.: Long sword |    10 |    16 |    21 |       ||    47
       Falchion          |       |       |    18 |     9 ||    27
